[Event "November 21 Early 2023"]
[Site "https://www.chess.com"]
[Date "2023.11.21"]
[Round "2"]
[White "Erzhanov, Arman"]
[Black "crosky"]
[Result "1-0"]
[Board "182"]
[TimeControl "180+1"]
[WhiteFideId "4138821"]
[WhiteElo "2171"]
[BlackElo "2331"]
[WhiteTeam "KAZ"]
[WhiteClock "0:00:14"]
[BlackClock "0:00:00"]

1. e4 Nc6 2. Nf3 d6 3. d4 g6 4. Be3 Bg7 5. c3 Nf6 6. Bd3 O-O 7. O-O e5 8. d5 Ne7 9. c4 Nd7 10. Nfd2 f5 11. f3 f4 12. Bf2 g5 13. Nc3 Nf6 14. b4 g4 15. c5 Rf7 16. cxd6 cxd6 17. Rc1 Bf8 18. Nb5 gxf3 19. Nxf3 Rg7 20. Kh1 Ng6 21. Qc2 Ng4 22. Bg1 Nh4 23. Nc7 Nxg2 24. Nxa8 Bd7 25. Qxg2 Ne3 26. Qf2 Nxf1 27. Rxf1 Bh3 28. Ne1 Bxf1 29. Bxf1 Qxa8 30. Bh3 b6 31. Be6+ Kh8 32. Nf3 Be7 33. Qf1 Qe8 34. Qh3 Qg6 35. Bf2 h6 36. Bf5 Qf6 37. Bh4 Qf8 38. Bxe7 Rxe7 39. Ng5 Rc7 40. Ne6 Rc1+ 41. Kg2 Qf6 42. Kf2 Rc2+ 43. Ke1 Rxa2 44. Qh5 Ra1+ 45. Kd2 Ra2+ 46. Kc1 1-0

[Event "November 21 Early 2023"]
[Site "https://www.chess.com"]
[Date "2023.11.21"]
[Round "2"]
[White "Shapiro, Daniel"]
[Black "LeoLV10"]
[Result "0-1"]
[Board "183"]
[TimeControl "180+1"]
[WhiteFideId "2001780"]
[WhiteElo "2331"]
[BlackElo "2516"]
[WhiteTeam "USA"]
[WhiteClock "0:00:00"]
[BlackClock "0:00:18"]

1. d4 Nf6 2. c4 e6 3. g3 d5 4. Nf3 a6 5. Bg2 dxc4 6. O-O Be7 7. a4 O-O 8. Qc2 Nc6 9. Qxc4 Rb8 10. Bf4 Bd7 11. Nbd2 Bd6 12. Nb3 Nd5 13. Bg5 f6 14. Bd2 b5 15. axb5 axb5 16. Qc2 Ncb4 17. Qd1 Nb6 18. e4 Nc4 19. Bc3 Be7 20. Qe2 Qe8 21. Nfd2 Nxd2 22. Qxd2 Nc6 23. d5 Ne5 24. Bh3 Nc4 25. Qd1 e5 26. Bxd7 Qxd7 27. Kg2 b4 28. Qe2 bxc3 29. Qxc4 cxb2 30. d6+ Rf7 31. Rab1 Bxd6 32. Rxb2 Rb4 33. Qc3 Rxe4 34. f3 Rb4 35. Rd1 Qb5 36. Qd3 Qxd3 37. Rxd3 Rf8 38. Rc2 Rfb8 39. Nd2 Rb2 40. Rdc3 Rxc2 41. Rxc2 Kf7 42. Ne4 Ke6 43. Kf2 Kd7 44. Rd2 Rb5 45. Ke3 Ke6 46. Rc2 Rb3+ 47. Ke2 Rb5 48. Ra2 h6 49. h4 f5 50. Nc3 Rc5 51. Kd3 Rc6 52. Ne2 Rb6 53. Ra8 Rb3+ 0-1

[Event "November 21 Early 2023"]
[Site "https://www.chess.com"]
[Date "2023.11.21"]
[Round "2"]
[White "Olsson, Linus"]
[Black "Maect19"]
[Result "1-0"]
[Board "184"]
[TimeControl "180+1"]
[WhiteFideId "1706098"]
[WhiteElo "2222"]
[BlackElo "2330"]
[WhiteTeam "SWE"]
[WhiteClock "0:00:31"]
[BlackClock "0:00:04"]

1. d4 d5 2. c4 c6 3. Nf3 Nf6 4. Nc3 e6 5. Bg5 dxc4 6. e4 b5 7. e5 h6 8. Bh4 g5 9. Nxg5 hxg5 10. Bxg5 Nbd7 11. exf6 Bb7 12. g3 c5 13. d5 Qc7 14. Bg2 b4 15. d6 Qb6 16. Bxb7 Qxb7 17. O-O bxc3 18. bxc3 O-O-O 19. Rb1 Nb6 20. Bf4 Qc6 21. Qg4 Bxd6 22. Bxd6 Rxd6 23. a4 Nxa4 24. Qg7 Qe8 25. Ra1 Rd8 26. Qg4 Nb6 27. Rxa7 Qc6 28. h4 Rdg8 29. Qf4 Nd5 30. Qxc4 Ne3 31. fxe3 Rxg3+ 32. Kf2 Qf3+ 33. Ke1 Qxe3+ 34. Kd1 Rd8+ 35. Kc2 Qd2+ 36. Kb3 Qd5 37. Qxd5 exd5 38. Rxf7 d4 39. Ra7 Rxc3+ 40. Kb2 Kb8 41. Re7 c4 42. f7 Rb3+ 43. Kc1 Rc3+ 44. Kd2 Rd3+ 45. Ke2 Re3+ 46. Rxe3 dxe3 47. f8=Q 1-0

[Event "November 21 Early 2023"]
[Site "https://www.chess.com"]
[Date "2023.11.21"]
[Round "2"]
[White "Napoli, Nicolo"]
[Black "Hajiyev, Kanan"]
[Result "0-1"]
[Board "185"]
[TimeControl "180+1"]
[WhiteFideId "813702"]
[BlackFideId "13404148"]
[WhiteElo "2306"]
[BlackElo "2102"]
[WhiteTeam "ITA"]
[BlackTeam "AZE"]
[WhiteClock "0:00:00"]
[BlackClock "0:00:34"]

1. e4 c6 2. d4 d5 3. Nc3 a6 4. Nf3 Bg4 5. Be2 e6 6. h3 Bh5 7. Bf4 Nf6 8. e5 Nfd7 9. Bd3 c5 10. g4 Bg6 11. Ne2 cxd4 12. Nexd4 Nc6 13. c3 Bxd3 14. Qxd3 Qb6 15. O-O Nc5 16. Qe2 Be7 17. Be3 Nxd4 18. Bxd4 Qc7 19. Nd2 h5 20. Rfe1 hxg4 21. Qxg4 O-O-O 22. Nb3 Nd3 23. Re2 Rh4 24. Qxg7 Rdh8 25. Rd2 Nf4 26. Be3 R4h7 27. Qg3 Ng6 28. c4 Rxh3 29. Qg2 dxc4 30. Rc1 Nxe5 31. Bf4 Qc6 32. Nd4 Rh1+ 0-1

[Event "November 21 Early 2023"]
[Site "https://www.chess.com"]
[Date "2023.11.21"]
[Round "2"]
[White "Pinto, Daniel"]
[Black "Fernandez Siles, Luis"]
[Result "1-0"]
[Board "186"]
[TimeControl "180+1"]
[WhiteFideId "3303144"]
[BlackFideId "2209420"]
[WhiteElo "2149"]
[BlackElo "2195"]
[WhiteTeam "BOL"]
[BlackTeam "ESP"]
[WhiteClock "0:00:36"]
[BlackClock "0:00:13"]

1. e4 c5 2. Nf3 Nc6 3. Bb5 g6 4. O-O Bg7 5. Re1 Nf6 6. e5 Nd5 7. Nc3 Nc7 8. Bxc6 dxc6 9. Ne4 b6 10. Nf6+ Kf8 11. Ne4 Bg4 12. h3 Bxf3 13. Qxf3 Bxe5 14. Nxc5 Bf6 15. Ne4 Nd5 16. d3 Kg7 17. c3 c5 18. Bd2 h5 19. Rad1 Qd7 20. c4 Nc7 21. Nxf6 exf6 22. Bc3 Qd6 23. d4 cxd4 24. Rxd4 Qc6 25. Qxc6 1-0

[Event "November 21 Early 2023"]
[Site "https://www.chess.com"]
[Date "2023.11.21"]
[Round "2"]
[White "Silva Lucena, Cristian"]
[Black "Bokros, Albert"]
[Result "1/2-1/2"]
[Board "187"]
[TimeControl "180+1"]
[WhiteFideId "2232588"]
[BlackFideId "710458"]
[WhiteElo "2248"]
[BlackElo "2489"]
[WhiteTeam "ESP"]
[BlackTeam "HUN"]
[WhiteClock "0:00:31"]
[BlackClock "0:00:08"]

1. e4 c5 2. Nf3 Nc6 3. d4 cxd4 4. Nxd4 Nf6 5. Nc3 h5 6. Bg5 Qa5 7. Bxf6 gxf6 8. Nb3 Qe5 9. Be2 e6 10. a3 f5 11. exf5 Qxf5 12. Nd4 Nxd4 13. Qxd4 Rg8 14. Bd3 Qg4 15. Qxg4 Rxg4 16. g3 h4 17. Ne4 Be7 18. h3 Rg8 19. g4 d5 20. Nc3 a6 21. O-O-O b5 22. Ne2 Bf6 23. f4 Bb7 24. Rhg1 d4 25. g5 Bh8 26. Rg4 Bf3 27. Rxh4 Ke7 28. Rh7 Rg7 29. Rh6 Rc8 30. Rf1 Bxe2 31. Bxe2 Rg6 32. Rh7 Rg7 33. Rxg7 Bxg7 34. h4 Rh8 35. h5 f6 36. h6 Bf8 37. Bd3 Rg8 38. Rh1 fxg5 39. h7 Rh8 40. fxg5 Bg7 41. g6 e5 42. Be4 Bf6 43. Rg1 Bg7 44. Rf1 Rf8 45. Rxf8 Kxf8 46. Kd1 a5 47. Bc6 b4 48. a4 Ke7 49. Be4 Kd6 50. Ke2 Bf6 51. Kf3 Ke7 52. Kg4 Bg7 53. Kf5 Bh8 54. Bd3 Bg7 55. Bc4 Bh8 56. Ke4 Kd6 57. Bd3 Bg7 58. Be2 Bh8 59. Kd3 Kc5 60. Ke4 Kd6 61. Kf5 Ke7 62. Bd3 Bg7 63. Bc4 Bh8 64. Kg5 Bg7 65. Bd3 Bh8 66. Kh6 Kf6 67. Kh5 Bg7 68. Kg4 Bh8 69. Kf3 Ke6 70. Bc4+ Kd6 71. Ke4 Bg7 72. Be2 Bh8 1/2-1/2

[Event "November 21 Early 2023"]
[Site "https://www.chess.com"]
[Date "2023.11.21"]
[Round "2"]
[White "Palacio,Igor Da Paz"]
[Black "Nilsen, Tobias Lang"]
[Result "1-0"]
[Board "188"]
[TimeControl "180+1"]
[WhiteFideId "2121140"]
[BlackFideId "1521624"]
[WhiteElo "2126"]
[BlackElo "2221"]
[WhiteTeam "BRA"]
[BlackTeam "NOR"]
[WhiteClock "0:00:12"]
[BlackClock "0:00:09"]

1. e4 e5 2. Nf3 Nc6 3. Bb5 a6 4. Ba4 Nf6 5. O-O d6 6. Re1 Bd7 7. c3 Be7 8. d4 O-O 9. Nbd2 b5 10. Bb3 h6 11. Nf1 Re8 12. h3 Bf8 13. Ng3 g6 14. Nh4 Kh7 15. Bxf7 g5 16. Nhf5 Re7 17. Nxe7 Qxe7 18. Bd5 Re8 19. Bxc6 Bxc6 20. Nf5 Qf7 21. f3 Qg6 22. g4 d5 23. exd5 Nxd5 24. Rxe5 Rxe5 25. dxe5 Bc5+ 26. Kg2 Bb7 27. Qe2 Qe6 28. Bd2 a5 29. Re1 a4 30. Qxb5 Bb6 31. Qxa4 Nf4+ 32. Bxf4 gxf4 33. Qxf4 Bc5 34. b3 Bf8 35. c4 Qa6 36. Re2 Qe6 37. Nd4 Qb6 38. Qxf8 Qxd4 39. Qf5+ Kg7 40. e6 Qd1 41. Qe5+ Kh7 42. e7 Bxf3+ 43. Kxf3 Qh1+ 44. Ke3 Qg1+ 45. Kd2 Qa1 46. Qxa1 1-0

[Event "November 21 Early 2023"]
[Site "https://www.chess.com"]
[Date "2023.11.21"]
[Round "2"]
[White "Kovacsy, Barnabas"]
[Black "Goswami, Vedant"]
[Result "1-0"]
[Board "189"]
[TimeControl "180+1"]
[WhiteFideId "769290"]
[BlackFideId "5003725"]
[WhiteElo "2130"]
[BlackElo "2011"]
[WhiteTeam "HUN"]
[BlackTeam "IND"]
[WhiteClock "0:00:30"]
[BlackClock "0:00:12"]

1. e4 Nc6 2. Nf3 f5 3. exf5 d5 4. d4 Bxf5 5. c3 Nf6 6. Bd3 Qd7 7. a4 e6 8. Bf4 Bd6 9. Bxf5 exf5 10. Qe2+ Qe7 11. Bxd6 cxd6 12. Qxe7+ Kxe7 13. O-O Kd7 14. Re1 Rhe8 15. Nbd2 Ne4 16. Kf1 Re7 17. Re2 Rae8 18. Rae1 g6 19. h3 Kd8 20. h4 Na5 21. g3 h6 22. Nxe4 dxe4 23. Nd2 d5 24. b4 Nc4 25. Nxc4 dxc4 26. Kg2 Kd7 27. f3 exf3+ 28. Kxf3 Rxe2 29. Rxe2 Rxe2 30. Kxe2 g5 31. Kf3 Kd6 32. Ke3 Kd5 33. b5 b6 34. Kf3 Kd6 35. Ke3 Ke6 36. Kf3 Kd5 37. Ke3 Kd6 38. Kf2 Kd5 39. Kf3 Kd6 40. hxg5 hxg5 41. g4 f4 42. Ke4 Ke6 43. d5+ Kd6 44. Kd4 Kd7 45. Kxc4 Kd6 46. Kd4 Kd7 47. c4 Kd6 48. Ke4 Kd7 49. Kd3 Ke7 50. Ke4 Kd7 51. Kd4 Kd6 52. Kd3 Kd7 53. Ke2 Ke7 54. Kf3 Kd7 55. Ke4 Ke7 56. c5 bxc5 57. a5 Kd6 58. b6 axb6 59. a6 Kc7 60. d6+ Kxd6 61. a7 1-0

[Event "November 21 Early 2023"]
[Site "https://www.chess.com"]
[Date "2023.11.21"]
[Round "2"]
[White "rikchessmx"]
[Black "Eugene, Floryan"]
[Result "0-1"]
[Board "190"]
[TimeControl "180+1"]
[BlackFideId "20694784"]
[WhiteElo "2322"]
[BlackElo "2369"]
[BlackTeam "FRA"]
[WhiteClock "0:01:59"]
[BlackClock "0:00:42"]

1. e4 c5 2. Nf3 Nc6 3. d4 cxd4 4. Nxd4 e5 5. Nxc6 bxc6 6. Bd3 Nf6 7. O-O h6 8. c4 Bc5 9. Nc3 a5 10. Qf3 O-O 11. Qg3 d6 12. Bxh6 Nh5 13. Qf3 Qh4 14. g3 Qh3 15. Be3 Bg4 16. Qg2 Bxe3 17. fxe3 Rab8 18. b3 Nf6 19. Qxh3 Bxh3 20. Be2 a4 21. Rfd1 axb3 22. axb3 Rxb3 23. Rac1 Rd8 24. c5 d5 25. exd5 cxd5 26. Bc4 Rb2 27. Nxd5 Rg2+ 28. Kh1 Ng4 29. Ne7+ Kh7 30. Rxd8 Nf2# 0-1

[Event "November 21 Early 2023"]
[Site "https://www.chess.com"]
[Date "2023.11.21"]
[Round "2"]
[White "Grochal, Joey"]
[Black "Eggleston, Thomas A"]
[Result "1-0"]
[Board "191"]
[TimeControl "180+1"]
[WhiteFideId "1019945"]
[BlackFideId "412139"]
[WhiteElo "2231"]
[BlackElo "2169"]
[WhiteTeam "NED"]
[BlackTeam "ENG"]
[WhiteClock "0:00:38"]
[BlackClock "0:00:00"]

1. e4 e6 2. d4 d5 3. Nc3 Nf6 4. e5 Nfd7 5. f4 c5 6. Nf3 Nc6 7. Be3 a6 8. Qd2 Qb6 9. Na4 Qb4 10. Qxb4 Nxb4 11. Kd2 b6 12. c3 Nc6 13. b3 Bb7 14. Be2 Be7 15. Nb2 cxd4 16. Nxd4 Nc5 17. Bf3 Nxd4 18. Bxd4 b5 19. Rac1 Ne4+ 20. Bxe4 dxe4 21. Ke3 g5 22. g3 Rg8 23. Rhf1 Rc8 24. f5 exf5 25. Rxf5 g4 26. Rcf1 Bg5+ 27. Ke2 Bd5 28. Nd1 Rg6 29. Ne3 Be6 30. R5f2 h5 31. Nf5 Kd7 32. Nd6 Rf8 33. Nxf7 h4 34. Nxg5 Rxf2+ 35. Rxf2 hxg3 36. hxg3 Rxg5 37. Ke3 Bd5 38. Rf6 Rh5 39. Rd6+ Ke7 40. Rxd5 Rh3 41. Kf4 Rh2 42. Kxg4 Rxa2 43. Kf4 Rb2 44. b4 Re2 45. Rd6 Re1 46. Rxa6 Re2 47. Rb6 e3 48. Bxe3 Rc2 49. Bd4 Rb2 50. Ke4 Rc2 51. Kd5 Rg2 52. Rb7+ Ke8 53. Kd6 Kf8 54. e6 Kg8 55. Rb8+ Kh7 56. e7 1-0

[Event "November 21 Early 2023"]
[Site "https://www.chess.com"]
[Date "2023.11.21"]
[Round "2"]
[White "Rian, Kapriaga"]
[Black "Kuegel, Tobias"]
[Result "0-1"]
[Board "192"]
[TimeControl "180+1"]
[WhiteFideId "7103263"]
[BlackFideId "4636295"]
[WhiteElo "2312"]
[BlackElo "2213"]
[WhiteTeam "INA"]
[BlackTeam "GER"]
[WhiteClock "0:00:00"]
[BlackClock "0:00:15"]

1. d4 Nf6 2. Nf3 d5 3. c4 e6 4. Nc3 dxc4 5. e4 Bb4 6. e5 Nd5 7. Bd2 Bxc3 8. bxc3 b5 9. a4 c6 10. g3 a5 11. Bg2 b4 12. O-O bxc3 13. Bc1 Na6 14. Ng5 Nab4 15. Ne4 O-O 16. Bg5 Qb6 17. Rc1 Nd3 18. Qg4 Kh8 19. Be3 Nxc1 20. Rxc1 Qb2 21. Rxc3 Nxc3 22. Ng5 Qb1+ 23. Bf1 Ba6 24. Qh5 Qg6 25. Qh4 Nd5 26. h3 Nxe3 27. fxe3 c3 28. Bxa6 Rxa6 29. Nf3 c2 30. Qe7 c1=Q+ 31. Kg2 Raa8 0-1

[Event "November 21 Early 2023"]
[Site "https://www.chess.com"]
[Date "2023.11.21"]
[Round "2"]
[White "Toktomushev, Teimur"]
[Black "alfianasybullina"]
[Result "1-0"]
[Board "193"]
[TimeControl "180+1"]
[WhiteFideId "14176726"]
[WhiteElo "2198"]
[BlackElo "2304"]
[WhiteTeam "UKR"]
[WhiteClock "0:00:04"]
[BlackClock "0:00:05"]

1. d4 Nf6 2. c4 c5 3. d5 e6 4. Nc3 exd5 5. cxd5 d6 6. Nf3 g6 7. Nd2 Bg7 8. e4 O-O 9. Be2 b6 10. O-O Ba6 11. Re1 Qe7 12. a4 Re8 13. Nb5 Nxe4 14. Bf3 f5 15. Nxe4 fxe4 16. Rxe4 Be5 17. Bf4 Bxb5 18. Bxe5 Qf8 19. axb5 dxe5 20. d6 Nd7 21. Qd5+ Qf7 22. Ree1 Rad8 23. Rxa7 Qxd5 24. Bxd5+ Kf8 25. Bc6 Nf6 26. Bxe8 Nxe8 27. Rxe5 Nxd6 28. Rxh7 Nxb5 29. h4 Rd1+ 30. Kh2 Rd6 31. Ree7 Nd4 32. Ref7+ Ke8 33. Ra7 Ne6 34. Rh8+ Nf8 35. Ra8+ Rd8 36. Rxd8+ Kxd8 37. Rxf8+ Ke7 38. Rg8 Kf7 39. Rb8 1-0

[Event "November 21 Early 2023"]
[Site "https://www.chess.com"]
[Date "2023.11.21"]
[Round "2"]
[White "Der_Balak_3Halak"]
[Black "Ismayil, Malak"]
[Result "0-1"]
[Board "194"]
[TimeControl "180+1"]
[BlackFideId "13412604"]
[WhiteElo "2300"]
[BlackElo "1898"]
[BlackTeam "AZE"]
[WhiteClock "0:00:08"]
[BlackClock "0:00:37"]

1. e4 e5 2. Nf3 Nc6 3. Bb5 a6 4. Bxc6 dxc6 5. O-O Bd6 6. d4 Qe7 7. dxe5 Bxe5 8. Nxe5 Qxe5 9. Nc3 Nf6 10. Qf3 Bg4 11. Qf4 Qxf4 12. Bxf4 O-O-O 13. f3 Be6 14. Rad1 Nd7 15. b3 f6 16. Ne2 c5 17. c4 b6 18. Nc3 Kb7 19. Nd5 c6 20. Ne3 Ne5 21. Bxe5 fxe5 22. Kf2 Rd4 23. Nc2 Rdd8 24. Ke3 b5 25. cxb5 cxb5 26. Rd2 Rxd2 27. Kxd2 c4 28. b4 Rd8+ 29. Ke2 c3 30. Rd1 Bc4+ 31. Ke1 Rxd1+ 32. Kxd1 Bxa2 33. Ne3 Bb3+ 34. Kc1 Kc6 35. Nd1 Bxd1 36. Kxd1 a5 37. bxa5 b4 38. Kc2 Kb5 39. f4 Kxa5 40. fxe5 Kb5 41. e6 Kc6 42. e5 Kc7 43. Kd3 Kd8 0-1

[Event "November 21 Early 2023"]
[Site "https://www.chess.com"]
[Date "2023.11.21"]
[Round "2"]
[White "Rietze, Clemens, Dr."]
[Black "Zampronha, Wladimir Camilo"]
[Result "1-0"]
[Board "195"]
[TimeControl "180+1"]
[WhiteFideId "24620351"]
[BlackFideId "2103087"]
[WhiteElo "2288"]
[BlackElo "2055"]
[WhiteTeam "GER"]
[BlackTeam "BRA"]
[WhiteClock "0:00:14"]
[BlackClock "0:00:00"]

1. d4 Nf6 2. c4 e6 3. Nf3 b6 4. g3 Ba6 5. Qc2 Bb7 6. Bg2 c5 7. d5 exd5 8. cxd5 Bxd5 9. O-O Be7 10. Nc3 Bc6 11. e4 d6 12. Rd1 Qc7 13. Bf4 Nbd7 14. a4 O-O 15. Nb5 Bxb5 16. axb5 Ne5 17. Nd2 Rac8 18. Rdc1 Nfd7 19. b3 Bf6 20. Ra4 Rfd8 21. h3 Ra8 22. Be3 Ng6 23. Qa2 Nde5 24. Qc2 Nd7 25. f4 Ndf8 26. e5 dxe5 27. f5 Ne7 28. Bxa8 Rxa8 29. Ne4 Nd5 30. Bd2 Qd7 31. Qd3 Rd8 32. g4 h6 33. Rca1 Nf4 34. Qxd7 Rxd7 35. Rxa7 Rd3 36. Bxf4 exf4 37. Nxf6+ gxf6 38. Rb7 Nd7 39. Kf2 Ne5 40. Rxb6 f3 41. Rb8+ Kg7 42. b6 Rd2+ 43. Kf1 Rh2 44. Raa8 1-0

[Event "November 21 Early 2023"]
[Site "https://www.chess.com"]
[Date "2023.11.21"]
[Round "2"]
[White "Rose, Felix"]
[Black "Kanyamarala, Trisha"]
[Result "1-0"]
[Board "196"]
[TimeControl "180+1"]
[WhiteFideId "5105722"]
[BlackFideId "45004722"]
[WhiteElo "2039"]
[BlackElo "2078"]
[WhiteTeam "MEX"]
[BlackTeam "IRL"]
[WhiteClock "0:00:58"]
[BlackClock "0:00:05"]

1. e4 c5 2. Nf3 d6 3. d4 cxd4 4. Nxd4 Nf6 5. Nc3 Nc6 6. Bg5 e6 7. Qd2 a6 8. O-O-O Bd7 9. h4 b5 10. Nxc6 Bxc6 11. f3 Be7 12. Kb1 Rb8 13. Ne2 d5 14. Nd4 Ba8 15. e5 Nd7 16. f4 Nb6 17. b3 h6 18. Bxe7 Qxe7 19. Qa5 O-O 20. g4 Qb7 21. Bd3 Nc4 22. Qe1 Qb6 23. g5 Na3+ 24. Kc1 Rfc8 25. gxh6 g6 26. Qg1 Rc7 27. h5 Rbc8 28. hxg6 Qxd4 29. gxf7+ Kxf7 30. Qg7+ Ke8 31. Bg6+ Kd8 32. Qf8+ Kd7 33. Qd6# 1-0

[Event "November 21 Early 2023"]
[Site "https://www.chess.com"]
[Date "2023.11.21"]
[Round "2"]
[White "Grossboss19"]
[Black "AndresDelgado77"]
[Result "0-1"]
[Board "197"]
[TimeControl "180+1"]
[WhiteElo "2502"]
[BlackElo "2292"]
[WhiteClock "0:01:13"]
[BlackClock "0:00:31"]

1. c4 c5 2. Nf3 Nc6 3. g3 g6 4. Bg2 Bg7 5. Nc3 e6 6. O-O Nge7 7. e3 O-O 8. d4 cxd4 9. Nxd4 Nxd4 10. exd4 d5 11. cxd5 Nxd5 12. Nxd5 exd5 13. Qb3 Bxd4 14. Bxd5 Bh3 15. Rd1 Qf6 16. Qf3 Rfd8 17. g4 Bxg4 18. Qxf6 Bxf6 19. f3 Be6 20. Bb3 Bxb3 21. Rxd8+ Rxd8 22. axb3 Rd1+ 23. Kf2 Bg5 24. Rxa7 Rxc1 25. Rxb7 Rc2+ 26. Kg3 Rxb2 27. b4 Kg7 28. b5 Be3 29. Rb8 g5 30. Kg4 Kg6 31. Rg8+ Kf6 32. Rb8 Rb4+ 33. Kh3 Rh4+ 34. Kg2 Rxh2+ 35. Kf1 Rb2 36. Rb7 h5 37. Rb8 h4 38. Re8 Bf4 39. Rh8 Rxb5 40. Kg2 Rb2+ 41. Kh3 Kf5 42. Rb8 Rh2# 0-1

[Event "November 21 Early 2023"]
[Site "https://www.chess.com"]
[Date "2023.11.21"]
[Round "2"]
[White "Tharushi, T H D Niklesha"]
[Black "Kubicka, Anna"]
[Result "0-1"]
[Board "198"]
[TimeControl "180+1"]
[WhiteFideId "9918264"]
[BlackFideId "1152254"]
[WhiteElo "1577"]
[BlackElo "2042"]
[WhiteTeam "SRI"]
[BlackTeam "POL"]
[WhiteClock "0:00:22"]
[BlackClock "0:00:12"]

1. e4 c5 2. Nf3 d6 3. d4 cxd4 4. Nxd4 Nf6 5. Nc3 a6 6. Bg5 Nbd7 7. f4 Qc7 8. Qf3 h6 9. Bh4 g5 10. fxg5 hxg5 11. Bxg5 Qc5 12. Bxf6 Nxf6 13. Nf5 Qb4 14. O-O-O Be6 15. Nxd6+ exd6 16. Qxf6 Rg8 17. a3 Qc5 18. Na4 Qa5 19. Nc3 Bg7 20. Qf3 Rc8 21. Nd5 Qc5 22. Qb3 b5 23. Be2 Be5 24. Bf3 Kf8 25. Rhf1 a5 26. Bh5 a4 27. Qd3 Rg7 28. Nf6 Rxg2 29. Be2 Bxf6 30. Rxf6 Bc4 31. Qf3 Rxe2 32. Rfxd6 Rxh2 33. Rd8+ Rxd8 34. Rxd8+ Ke7 35. Rd2 Qg1+ 36. Rd1 Qg2 37. Qxg2 Rxg2 38. Rd2 Rxd2 39. Kxd2 Ke6 40. Kc3 Ke5 41. b3 axb3 42. cxb3 Bf1 43. a4 bxa4 44. bxa4 Kxe4 45. Kd2 f5 46. Ke1 Ba6 47. Kf2 f4 48. Kg2 Ke3 49. Kg1 f3 50. Kh2 f2 51. Kg3 f1=Q 52. Kg4 Qf7 53. Kg5 Ke4 54. Kh6 Qg8 55. Kh5 Kf5 56. Kh4 Qg4# 0-1

[Event "November 21 Early 2023"]
[Site "https://www.chess.com"]
[Date "2023.11.21"]
[Round "2"]
[White "Ferreira, Vitor Hugo Vieira"]
[Black "Cardozo Munar, Carlos Eduardo"]
[Result "1-0"]
[Board "199"]
[TimeControl "180+1"]
[WhiteFideId "2119765"]
[BlackFideId "4409477"]
[WhiteElo "2123"]
[BlackElo "2067"]
[WhiteTeam "BRA"]
[BlackTeam "COL"]
[WhiteClock "0:00:59"]
[BlackClock "0:00:04"]

1. d4 d5 2. c4 e5 3. dxe5 d4 4. Nf3 Nc6 5. a3 Nge7 6. Nbd2 Ng6 7. Nb3 Ngxe5 8. Nfxd4 Nxc4 9. e3 Nxd4 10. Bxc4 Nc6 11. Qc2 Be7 12. O-O O-O 13. Bd2 Bf6 14. Rfd1 Qe7 15. Rac1 Be6 16. Bb5 a6 17. Bxc6 bxc6 18. Bb4 Bxb3 19. Qxb3 Qe4 20. Bxf8 Rxf8 21. Qb7 a5 22. Qxc6 Qxc6 23. Rxc6 Bxb2 24. a4 Be5 25. Rd5 Bd6 26. Rxa5 Rb8 27. Rb5 Ra8 28. a5 g6 29. a6 Kg7 30. g3 Kf6 31. Rb7 Ke6 32. e4 Kd7 33. Rc2 Rxa6 34. Rb8 h5 35. f4 Ra7 36. e5 Be7 37. Rb3 c5 38. Rcb2 Ke6 39. Kg2 h4 40. g4 Ra4 41. Kf3 g5 42. Rb6+ Kd5 43. Rd2+ Kc4 44. f5 Bd8 45. Rxd8 Ra3+ 46. Kg2 h3+ 47. Kf2 Ra2+ 48. Kg3 Ra3+ 49. Kf2 Ra2+ 50. Ke3 Rxh2 51. e6 fxe6 52. fxe6 Rh1 53. Kf2 Rh2+ 54. Kg3 Re2 55. Kxh3 Kc3 56. Rc6 c4 57. Rdc8 Kd4 58. Rxc4+ Kd5 59. R8c6 Re3+ 60. Kg2 Re2+ 61. Kf3 Re1 62. R4c5+ Kd4 63. Rxg5 1-0

[Event "November 21 Early 2023"]
[Site "https://www.chess.com"]
[Date "2023.11.21"]
[Round "2"]
[White "LLariMarc"]
[Black "Koepke, Christian"]
[Result "0-1"]
[Board "200"]
[TimeControl "180+1"]
[BlackFideId "4655737"]
[WhiteElo "2276"]
[BlackElo "2238"]
[BlackTeam "GER"]
[WhiteClock "0:00:44"]
[BlackClock "0:00:11"]

1. d4 d5 2. Nf3 Bg4 3. Nbd2 e6 4. h3 Bh5 5. g3 Nf6 6. Bg2 c6 7. O-O Nbd7 8. c4 Be7 9. Qb3 Qb6 10. Qxb6 axb6 11. b3 O-O 12. Bb2 h6 13. a4 Bg6 14. e3 Bb4 15. Ba3 Bxa3 16. Rxa3 b5 17. cxb5 cxb5 18. Rc1 b4 19. Raa1 Rfc8 20. Bf1 Rc3 21. Rxc3 bxc3 22. Nb1 Rc8 23. Na3 c2 24. Rc1 Rc3 25. Nd2 Ne4 26. Nf3 Rxb3 27. Nxc2 Rc3 28. Nfe1 Nd2 29. Bb5 Nf6 30. Rd1 Nb3 31. Nb4 Na5 32. Nbd3 Nc4 33. Nc5 b6 34. Nd7 Nxd7 35. Bxd7 Ra3 36. Nf3 Nb2 37. Rd2 Nxa4 38. Bxa4 Rxa4 39. Rb2 Be4 40. Kg2 Ra6 41. g4 g5 42. Kg3 f6 43. Nd2 Bd3 44. Rb3 Bc4 45. Rb4 b5 46. Nb1 Ra1 47. Nc3 Ra5 48. f3 Kf7 49. e4 Ke7 50. exd5 exd5 51. h4 Kd6 52. hxg5 hxg5 53. Kf2 Kc6 54. Ke3 Ra3 55. Kd2 Rb3 56. Rxb3 Bxb3 57. Nb1 b4 58. Kc1 Kb5 59. Nd2 Bc4 60. Kb2 Be2 61. Kb3 Bd1+ 62. Kb2 Ka4 63. Ka2 b3+ 64. Kb2 Kb4 65. Nf1 Be2 66. Ne3 Bxf3 67. Kb1 Kc3 68. Nf5 Be4+ 69. Kc1 Bxf5 70. gxf5 Kxd4 71. Kb2 Ke5 72. Kxb3 Kxf5 73. Kb4 Kf4 74. Kc5 g4 75. Kd6 g3 76. Ke6 g2 77. Kxf6 g1=Q 0-1

[Event "November 21 Early 2023"]
[Site "https://www.chess.com"]
[Date "2023.11.21"]
[Round "2"]
[White "Minina, Veronika"]
[Black "FunnyDuck66"]
[Result "1-0"]
[Board "201"]
[TimeControl "180+1"]
[WhiteFideId "4174780"]
[WhiteElo "1905"]
[BlackElo "2500"]
[WhiteTeam "RUS"]
[WhiteClock "0:00:13"]
[BlackClock "0:00:00"]

1. Nf3 Nf6 2. c4 e6 3. g3 d5 4. Bg2 Be7 5. O-O O-O 6. d4 dxc4 7. Qc2 b5 8. a4 Bb7 9. axb5 a6 10. bxa6 Nxa6 11. Qxc4 Bd5 12. Qc3 Ne4 13. Qe1 c5 14. Nc3 Nxc3 15. bxc3 cxd4 16. cxd4 Nb4 17. Rb1 Nc6 18. e4 Bc4 19. d5 Bxf1 20. Qxf1 exd5 21. exd5 Qxd5 22. Ng5 Qd7 23. Ne4 Rab8 24. Bf4 Rxb1 25. Qxb1 Nd4 26. Kh1 Rd8 27. h4 Ne6 28. Be3 Nd4 29. Kh2 Ne6 30. Bh3 Qd5 31. Bg2 Qe5 32. Qc2 g6 33. Bf4 Qg7 34. Be3 Nd4 35. Qb1 f5 36. Ng5 Bf6 37. Qe1 h6 38. Nf3 g5 39. hxg5 hxg5 40. Nxd4 Bxd4 41. Bxd4 Rxd4 42. Qe6+ Kh8 43. Bd5 Qh7+ 44. Kg2 Qg7 45. Qe8+ Kh7 46. Qh5+ Qh6 47. Qf7+ Qg7 48. Qh5+ Qh6 49. Bg8+ Kg7 50. Qf7+ Kh8 51. Qe8 Re4 52. Be6+ Kg7 53. Qg8+ Kf6 54. Qf7+ Ke5 55. Qxf5+ Kd4 56. Qd5+ Kc3 57. Qxe4 1-0

[Event "November 21 Early 2023"]
[Site "https://www.chess.com"]
[Date "2023.11.21"]
[Round "2"]
[White "UNSTOPPABLE_LEGEND"]
[Black "Malikova777"]
[Result "1-0"]
[Board "202"]
[TimeControl "180+1"]
[WhiteElo "2500"]
[BlackElo "2271"]
[WhiteClock "0:00:35"]
[BlackClock "0:00:10"]

1. e4 c6 2. d4 d5 3. Nd2 dxe4 4. Nxe4 Bf5 5. Ng3 Bg6 6. h4 h6 7. Nf3 Nd7 8. h5 Bh7 9. Bd3 Bxd3 10. Qxd3 e6 11. Bd2 Ngf6 12. O-O-O Be7 13. Kb1 Qb6 14. Nh4 O-O-O 15. c4 Ne5 16. Qe2 Ned7 17. Nf3 Rhe8 18. Bc3 c5 19. Ne5 Nxe5 20. dxe5 Nd7 21. Ne4 Nb8 22. Qg4 Bf8 23. Qf4 Qc7 24. Nd6+ Bxd6 25. exd6 Qc6 26. Bxg7 e5 27. Qxf7 Nd7 28. Bxh6 Qxg2 29. Rhg1 Qe4+ 30. Ka1 Nf8 31. Qc7# 1-0

[Event "November 21 Early 2023"]
[Site "https://www.chess.com"]
[Date "2023.11.21"]
[Round "2"]
[White "Rodriguez Fontecha, Marcos"]
[Black "cycygogne"]
[Result "1-0"]
[Board "203"]
[TimeControl "180+1"]
[WhiteFideId "2256576"]
[WhiteElo "2249"]
[BlackElo "2271"]
[WhiteTeam "ESP"]
[WhiteClock "0:02:02"]
[BlackClock "0:00:15"]

1. d4 Nf6 2. Nf3 e6 3. g3 b6 4. Bg2 Bb7 5. O-O Be7 6. c4 O-O 7. Nc3 Ne4 8. Qc2 f5 9. Nd2 d5 10. cxd5 exd5 11. f3 Nd6 12. b3 Nd7 13. Bb2 Rc8 14. Rac1 c5 15. dxc5 bxc5 16. e4 fxe4 17. fxe4 d4 18. Nd5 Bg5 19. Rcd1 Ne5 20. Rxf8+ Qxf8 21. Rf1 Qe8 22. Bh3 d3 23. Qc3 Bxd2 24. Qxe5 Qxe5 25. Bxe5 Bxd5 26. exd5 Be3+ 27. Kg2 Rd8 28. Be6+ Kh8 29. Bxd6 d2 30. Be5 h6 31. d6 Bg5 32. d7 a5 33. h4 Be3 34. Kf3 Bd4 35. Bxd4 cxd4 36. Ke2 1-0